 Dungeon Crawl Stone Soup version 0.20.0-9-g8272e65 (webtiles) character file.

262 McKennaii the Skirmisher (level 5, -4/40 (42) HPs)
             Began as a Demonspawn Abyssal Knight on June 3, 2017.
             Was a Believer of Lugonu.
             Slain by an ogre
             ... wielding a +0 giant spiked club
              (13 damage)
             ... on level 3 of the Dungeon.
             The game lasted 00:03:59 (2260 turns).

McKennaii the Skirmisher (DsAK)                     Turns: 2260, Time: 00:03:59

HP:   -4/40 (42)    AC:  8    Str: 12    XL:     5   Next: 97%
MP:   0/6           EV: 11    Int: 13    God:    Lugonu [**....]
Gold: 69            SH:  0    Dex: 14    Spells: 4/4 levels left

rFire    . . .     SeeInvis .   a - +1 falchion
rCold    . . .     Gourm    .   (no shield)
rNeg     . . .     Faith    .   o - +0 ring mail
rPois    .         Spirit   +   (helmet restricted)
rElec    .         Reflect  .   (no cloak)
rCorr    .         Harm     .   (no gloves)
MR       .....                  (no boots)
Stlth    ++........             (no amulet)
Regen    0.2/turn               k - ring of stealth
MPRegen  0.1/turn               (no ring)

@: studying Short Blades
A: horns 1, molten scales 2, magic shield
a: Depart the Abyss, Bend Space, Renounce Religion


You were on level 3 of the Dungeon.
You worshipped Lugonu.
Lugonu was pleased with you.
You were near starving.

You visited 1 branch of the dungeon, and saw 3 of its levels.
You visited the Abyss 1 time.

You collected 69 gold pieces.

Inventory:

Hand Weapons
 a - a +1 falchion (weapon)
Armour
 o - a +0 ring mail (worn)
Jewellery
 k - a ring of stealth (left hand)
Scrolls
 d - a scroll of recharging {unknown}
 f - 2 scrolls of amnesia {unknown}
 g - 2 scrolls of identify {unknown}
 q - 2 scrolls of enchant armour {unknown}
Potions
 b - a potion of invisibility {unknown}
 j - a potion of brilliance {unknown}
 m - a potion of lignification {unknown}
 n - a potion of cancellation {unknown}
 p - a potion of berserk rage {unknown}
Books
 e - a manual of Short Blades
Comestibles
 c - 2 bread rations
 h - 2 meat rations
 i - a royal jelly
 l - 4 fruits


   Skills:
 + Level 4.2 Fighting
 + Level 3.7 Long Blades
 + Level 2.4 Armour
 + Level 1.9 Dodging
 + Level 1.9 Stealth
 + Level 2.5 Invocations


You had 4 spell levels left.
You didn't know any spells.

Dungeon Overview and Level Annotations

Branches:
Dungeon (3/15)

Altars:


Innate Abilities, Weirdness & Mutations

You have a pair of small horns on your head.
You are mostly covered in molten scales. (AC +3)
When hurt, damage is shared between your health and your magic reserves.


Message History

The ogre hits you with a giant spiked club!
You hit the ogre but do no damage. You headbutt the ogre.
The ogre is heavily wounded.
You barely miss the ogre.
You headbutt the ogre, but do no damage.
The ogre is heavily wounded.
The ogre hits you with a giant spiked club!
You hit the ogre.
The ogre is heavily wounded.
The ogre hits you with a giant spiked club!
* * * LOW HITPOINT WARNING * * *
You completely miss the ogre.
The ogre is heavily wounded.
The ogre misses you.
You riposte.
You hit the ogre.
The ogre is heavily wounded.
You hit the ogre.
You headbutt the ogre, but do no damage.
The ogre is severely wounded.
The ogre hits you with a giant spiked club!
You die...

#<.### ... #.##
#.#. #.# ##....
##†###......
###....[...#
#........#.#
##......<##
#....#.#.##
.........@..#
##.#....##O.[.#
#.#..## .#..# .
#.. .#..# ....
....# ..... ..
... ..# #.#


You could see an ogre.

Vanquished Creatures
  A necrophage (D:3)
  Natasha (thrice) (D:2)
  5 adders
  3 dart slugs
  3 leopard geckos
  5 bats
  2 giant cockroaches
  7 goblins
  5 hobgoblins
  6 jackals (D:1)
  6 kobolds
  A ball python (D:1)
  2 frilled lizards
  7 rats
56 creatures vanquished.

Notes
Turn   | Place    | Note
-------+----------+-------------------------------------------
     0 | Abyss:1  | McKennaii the Demonspawn Abyssal Knight began the quest for the Orb.
     0 | Abyss:1  | Reached XP level 1. HP: 18/18 MP: 2/2
    26 | Abyss:1  | Noticed an insubstantial wisp
    26 | Abyss:1  | Noticed an insubstantial wisp
    32 | Abyss:1  | Noticed an insubstantial wisp
    68 | Abyss:2  | Noticed a rust devil
    76 | Abyss:2  | Noticed a wolf spider zombie
    90 | D:1      | Escaped the Abyss
   203 | D:1      | Reached skill level 1 in Dodging
   206 | D:1      | Reached * piety under Lugonu
   265 | D:1      | Gained mutation: When hurt, damage is shared between your health and your magic reserves. [demonic ancestry]
   265 | D:1      | Reached XP level 2. HP: 22/24 MP: 3/3
   726 | D:1      | Gained mutation: You are partially covered in molten scales. (AC +2) [demonic ancestry]
   726 | D:1      | Reached XP level 3. HP: 19/29 MP: 2/4
  1204 | D:2      | Noticed Natasha
  1216 | D:2      | Killed Natasha
  1216 | D:2      | Gained mutation: You have a pair of small horns on your head. [demonic ancestry]
  1216 | D:2      | Reached XP level 4. HP: 23/37 MP: 3/5
  1282 | D:2      | Reached ** piety under Lugonu
  1311 | D:2      | Noticed Natasha
  1325 | D:2      | Killed Natasha
  1325 | D:2      | Reached skill level 1 in Stealth
  1562 | D:2      | Reached skill level 4 in Fighting
  1689 | D:2      | Noticed Natasha
  1694 | D:2      | Killed Natasha
  1694 | D:2      | Gained mutation: You are mostly covered in molten scales. (AC +3) [demonic ancestry]
  1694 | D:2      | Reached XP level 5. HP: 42/42 MP: 6/6
  2060 | D:3      | Noticed a necrophage
  2066 | D:3      | Noticed an ogre
  2081 | D:3      | Killed a necrophage
  2260 | D:3      | Slain by an ogre

Skill      XL: |  1  2  3  4 |
---------------+-------------+-----
Dodging        | 1 |  1.9
Long Blades    | 2 3 |  3.7
Armour         | 2 |  2.4
Stealth        | 1 |  1.9
Fighting       | 4 |  4.2
Invocations    | |  2.5

Action                   |  1- 3 |  4- 6 || total
-------------------------+-------+-------++-------
Melee: Falchion          |   116 |    76 ||   192
       Headbutt          |       |    14 ||    14
Invok: Depart the Abyss  |     1 |       ||     1
 Stab: Sleeping          |     4 |     6 ||    10
  Eat: Chunk             |     1 |     2 ||     3
Armor: Leather armour    |    43 |     2 ||    45
       Ring mail         |       |    20 ||    20
Dodge: Dodged            |    79 |    39 ||   118
       Rpst.: Falchion   |    24 |    12 ||    36
